 Dungeon Crawl Stone Soup version 0.24.0-7-gb3623d2c88 (webtiles) character file.

Game seed: 12657846370303423669, levelgen mode: deterministic

1873372 Marmelada the Conqueror (level 27, 273/273 HPs)
             Began as a Minotaur Fighter on Nov 2, 2019.
             Was the Champion of Okawaru.
             Escaped with the Orb
             ... and 3 runes!
             The game lasted 01:57:31 (60857 turns).

Marmelada the Conqueror (Minotaur Fighter)         Turns: 60857, Time: 01:57:31

Health: 273/273    AC: 63    Str: 37    XL:     27
Magic:  33/33      EV: 17    Int:  5    God:    Okawaru [******]
Gold:   2562       SH: 45    Dex: 10    Spells: 26/26 levels left

rFire    + . .     SeeInvis .   a - +9 broad axe (chop)
rCold    + . .     Gourm    .   c - +12 large shield "Xaiseang" {Regen+ rCorr Str-3}
rNeg     . . .     Faith    .   N - +12 gold dragon scales
rPois    +         Spirit   .   T - +2 hat {MR+}
rElec    .         Reflect  +   Z - +2 cloak {MR+}
rCorr    +         Harm     .   G - +2 pair of gloves {Str+3}
MR       ++++.                  P - +2 pair of boots of Hysteria {*Contam +Inv Str+8 Dex-3}
Stlth    ..........             l - +5 amulet of reflection
HPRegen  0.95/turn              q - +5 ring of protection
MPRegen  0.23/turn              O - +5 ring of protection

@: no status effects
A: retaliatory headbutt, horns 2, weak 1
0: Orb of Zot
}: 3/15 runes: decaying, serpentine, silver
a: Heroism, Finesse, Renounce Religion, Evoke Invisibility


You escaped.
You worshipped Okawaru.
Okawaru was exalted by your worship.
You were not hungry.

You visited 10 branches of the dungeon, and saw 50 of its levels.
You visited 1 bazaar.
You also visited: Bailey and Ice Cave.

You collected 6565 gold pieces.
You spent 4003 gold pieces at shops.

Inventory:

Hand Weapons
 a - a +9 broad axe of chopping (weapon)
 b - a +9 broad axe of electrocution
Armour
 c - the +12 large shield "Xaiseang" (worn) {Regen+ rCorr Str-3}
   (Okawaru gifted it to you on level 3 of the Realm of Zot)

   It affects your strength (-3).
   It increases your rate of regeneration.
   It provides partial protection from all sources of acid and corrosion.
 g - a +1 large shield of resistance
 m - the +8 large shield "Tiokhum" {Dex+2 Slay+3}
   (You acquired it on level 3 of the Swamp)

   It affects your dexterity (+2).
   It affects your accuracy and damage with ranged weapons and melee attacks
   (+3).
 G - a +2 pair of gloves of strength (worn)
 N - +12 gold dragon scales (worn)
 P - the +2 pair of boots of Hysteria (worn) {*Contam +Inv Str+8 Dex-3}
   (You found it on level 6 of the Lair of Beasts)

   It affects your strength (+8).
   It affects your dexterity (-3).
   It lets you turn invisible.
   It causes magical contamination when unequipped.
 T - a +2 hat of magic resistance (worn)
 Y - the +0 large shield "Kubrel" {Dex+7}
   (Okawaru gifted it to you on level 5 of the Realm of Zot)

   It affects your dexterity (+7).
 Z - a +2 cloak of magic resistance (worn)
Jewellery
 j - an uncursed ring of protection from cold
 l - a +5 amulet of reflection (around neck)
 q - a +5 ring of protection (left hand)
 x - an uncursed ring of see invisible
 C - the ring "Eskit" {rCorr Dex+3 Slay+3}
   (You found it on level 3 of the Depths)

   [ring of resist corrosion]

   It affects your dexterity (+3).
   It affects your accuracy and damage with ranged weapons and melee attacks
   (+3).
   It provides partial protection from all sources of acid and corrosion.
 O - a +5 ring of protection (right hand)
 Q - an uncursed ring of positive energy
 V - an uncursed ring of protection from fire
Wands
 v - a wand of clouds (5)
 y - a wand of iceblast (29)
 A - a wand of acid (34)
 F - a wand of scattershot (4)
 R - a wand of digging (2)
Scrolls
 e - 22 scrolls of remove curse
 h - 7 scrolls of fear
 i - 9 scrolls of identify
 n - 10 scrolls of fog
 p - 18 scrolls of teleportation
 s - 3 scrolls of summoning
 E - a scroll of enchant armour
 H - 10 scrolls of blinking
 I - 2 scrolls of magic mapping
 J - 5 scrolls of enchant weapon
 L - 3 scrolls of holy word
Potions
 d - 12 potions of might
 k - 20 potions of curing
 o - 5 potions of agility
 t - 8 potions of resistance
 u - 5 potions of heal wounds
 w - 3 potions of invisibility
 z - 2 potions of berserk rage
 B - 4 potions of ambrosia
 M - 5 potions of haste
 U - 5 potions of flight
 W - 12 potions of mutation
Miscellaneous
 D - a phial of floods
 K - a lamp of fire
 X - 6 phantom mirrors
Comestibles
 f - 93 rations


   Skills:
 O Level 27 Fighting
 - Level 22.0 Axes
 O Level 27 Armour
 * Level 20.9 Dodging
 - Level 25.0 Shields
 - Level 11.0 Invocations
 + Level 15.9 Evocations


You had 26 spell levels left.
You didn't know any spells.
Your spell library contained the following spells:

 Spells                   Type           Power        Failure   Level  Hunger
 Animate Skeleton         Necr           N/A          91%         1    ##.....
 Apportation              Tloc           #.....       91%         1    ##.....
 Beastly Appendage        Tmut           #.....       91%         1    ##.....
 Confusing Touch          Hex            #.....       91%         1    ##.....
 Corona                   Hex            #......      91%         1    ##.....
 Freeze                   Ice            #...         91%         1    ##.....
 Infusion                 Chrm           #...         91%         1    ##.....
 Magic Dart               Conj           #...         91%         1    ##.....
 Pain                     Necr           #...         91%         1    ##.....
 Sandblast                Erth           #.....       91%         1    ##.....
 Shock                    Conj/Air       #...         91%         1    ##.....
 Sting                    Conj/Pois      #...         91%         1    ##.....
 Summon Butterflies       Summ           #.......     91%         1    ##.....
 Summon Small Mammal      Summ           #...         91%         1    ##.....
 Blink                    Tloc           N/A          97%         2    ###....
 Call Imp                 Summ           #.......     97%         2    ###....
 Ensorcelled Hibernation  Hex/Ice        #.....       97%         2    ###....
 Passwall                 Tmut/Erth      #.......     97%         2    ###....
 Poisonous Vapours        Pois/Air       #.....       97%         2    ###....
 Searing Ray              Conj           #.....       97%         2    ###....
 Shroud of Golubria       Chrm/Tloc      #.....       97%         2    ###....
 Song of Slaying          Chrm           #.......     97%         2    ###....
 Swiftness                Chrm/Air       #.......     97%         2    ###....
 Throw Flame              Conj/Fire      #.....       97%         2    ###....
 Throw Frost              Conj/Ice       #.....       97%         2    ###....
 Call Canine Familiar     Summ           #.......     99%         3    ####...
 Confuse                  Hex            #.......     99%         3    ####...
 Conjure Flame            Conj/Fire      #.......     99%         3    ####...
 Dazzling Spray           Conj/Hex       #.....       99%         3    ####...
 Gell's Gravitas          Tloc           #.........   99%         3    ####...
 Lesser Beckoning         Tloc           #.........   99%         3    ####...
 Mephitic Cloud           Conj/Pois/Air  #.......     99%         3    ####...
 Ozocubu's Armour         Chrm/Ice       #.......     99%         3    ####...
 Regeneration             Chrm/Necr      #.........   99%         3    ####...
 Spectral Weapon          Hex/Chrm       #.......     99%         3    ####...
 Static Discharge         Conj/Air       #.......     99%         3    ####...
 Stone Arrow              Conj/Erth      #.....       99%         3    ####...
 Summon Guardian Golem    Hex/Summ       #.......     99%         3    ####...
 Teleport Other           Tloc           #.......     99%         3    ####...
 Tukima's Dance           Hex            #.......     99%         3    ####...
 Vampiric Draining        Necr           #.........   99%         3    ####...
 Airstrike                Air            #.........   100%        4    #####..
 Animate Dead             Necr           N/A          100%        4    #####..
 Cause Fear               Hex            #.........   100%        4    #####..
 Force Lance              Conj/Tloc      #.......     100%        4    #####..
 Fulminant Prism          Conj/Hex       #.........   100%        4    #####..
 Iskenderun's Mystic Bla  Conj           #.......     100%        4    #####..
 Leda's Liquefaction      Hex/Erth       #.........   100%        4    #####..
 Olgreb's Toxic Radiance  Pois           #.......     100%        4    #####..
 Petrify                  Tmut/Erth      #.......     100%        4    #####..
 Summon Ice Beast         Ice/Summ       #.......     100%        4    #####..
 Summon Lightning Spire   Summ/Air       #.......     100%        4    #####..
 Throw Icicle             Conj/Ice       #.......     100%        4    #####..
 Alistair's Intoxication  Tmut/Pois      #.......     100%        5    ######.
 Bolt of Magma            Conj/Fire/Erth #.........   100%        5    ######.
 Irradiate                Conj/Tmut      #.........   100%        5    ######.
 Lee's Rapid Deconstruct  Erth           #.........   100%        5    ######.
 Lightning Bolt           Conj/Air       #.........   100%        5    ######.
 Metabolic Englaciation   Hex/Ice        #.........   100%        5    ######.
 Silence                  Hex/Air        #.........   100%        5    ######.
 Summon Mana Viper        Hex/Summ       #.......     100%        5    ######.
 Venom Bolt               Conj/Pois      #.........   100%        5    ######.
 Yara's Violent Unravell  Hex/Tmut       #.........   100%        5    ######.
 Bolt of Fire             Conj/Fire      #.........   100%        6    #######
 Deflect Missiles         Chrm/Air       #.........   100%        6    #######
 Freezing Cloud           Conj/Ice/Air   #.........   100%        6    #######
 Hydra Form               Tmut           #.........   100%        6    #######
 Invisibility             Hex            #.......     100%        6    #######
 Iron Shot                Conj/Erth      #.........   100%        6    #######
 Statue Form              Tmut/Erth      #........    100%        6    #######
 Dragon Form              Tmut           #.........   100%        7    #######
 Malign Gateway           Summ/Tloc      #.........   100%        7    #######
 Ring of Flames           Chrm/Fire      #.........   100%        7    #######
 Summon Hydra             Summ           #.........   100%        7    #######
 Discord                  Hex            #.........   100%        8    #######
 Ignition                 Fire           #.........   100%        8    #######
 Shatter                  Erth           #.........   100%        9    #######
 Tornado                  Air            #.........   100%        9    #######
 Passage of Golubria      Tloc           Unusable     N/A         4    N/A

Dungeon Overview and Level Annotations

Branches:
Dungeon (15/15)            Temple (1/1) D:5            Lair (6/6) D:11
  Swamp (4/4) Lair:4        Snake (4/4) Lair:2        Slime (0/5) Lair:6
    Orc (2/2) D:11            Elf (3/3) Orc:2        Vaults (5/5) D:14
  Crypt (0/3) Vaults:2     Depths (5/5) D:15            Zot (5/5) Depths:5
 Bailey (visited)           IceCv (visited)

Altars:
Ashenzari
Cheibriados
Dithmenos
Elyvilon
Fedhas
Gozag
Hepliaklqana
Kikubaaqudgha
Makhleb
Nemelex Xobeh
Okawaru
Qazlal
Ru
Sif Muna
Trog
Uskayaw
Vehumet
Wu Jian
Xom
Yredelemnul
Zin
The Shining One
Beogh
Jiyva
Lugonu

Shops:
D:4 !   D:5 }   D:7 =   D:9 (   D:11 (   D:12 (?   D:15 %   Orc:1 %(:
Orc:2 *?*%   Elf:1 :   Elf:2 =   Snake:3 }*[*   Vaults:2 }   Vaults:5 :

Portals:
Hell: Depths:1 Depths:3 Depths:4 Depths:5
Abyss: Depths:4
Pandemonium: Depths:1 Depths:3 Depths:4
Ziggurat: Depths:1

Annotations:
D:10 Erolcha
Lair:3 exclusion: 3 oklob plants
Lair:6 1 runed translucent door, exclusion: oklob plant
Swamp:1 1 runed translucent door, Delarado's ghost, adept MiFi
Swamp:2 3 runed translucent doors, Zatibaps's ghost, journeyman FeVM
Elf:2 3 runed translucent doors
Depths:3 exclusion: obsidian statue


Innate Abilities, Weirdness & Mutations

You reflexively headbutt those who attack you in melee.
You have a pair of horns on your head.
You are weak. (Str -2)


Message History

(V) Vaults (C) Crypt (U) Depths (H) Hell (Z) Zot
Where to? (Enter - D:1 @ (x,y), ? - help)
What level of the Dungeon? (default 1, ? - help)
Things that are here:
a +0 scale mail; a +0 club; an orc skeleton
There is a stone staircase leading up here.
You climb upwards.
There is a stone staircase leading down here.
You open the door.
There is an open door here.
There is a staircase leading out of the dungeon here.
Evoke which item? (* to show all) (? for menu, Esc to quit)
You open the lid... ...and a mature oxshock beast leaps out!
The now-empty box falls apart.
Evoke which item? (* to show all) (? for menu, Esc to quit)
Okay, then.
You can't go down here!
You have escaped!

#
#.######..####...#..........##
###.##......####.#.####..######
.......###...............#
......## #.#####+#####...#
.......###.#PPP#.#PPP#...#
...........#P⌠P#.#P⌠P#...#
......#....#PPP#.#PPP#...#
.#..###....#####.#####...##
....###....'....@....'....##
##.......).#####H#####.....#
...........#PPP#.#PPP#..(#.#
.....(.....#P⌠P#.#P⌠P#...#.#
..........)#PPP#.#PPP#.###.#
.........#.#####+#####.# #.##
................[......###..##
......###....###.##.#.....#..#
......# ####..............##.#


You could see a friendly mature oxshock beast.

Vanquished Creatures
  An orb of fire (Zot:3)
  Mennas (Depths:3)
  3 ancient liches (Vaults:5)
  A juggernaut (Depths:5)
  Margery (Depths:4)
  Xtahua (Depths:5)
  4 Killer Klowns (Zot:5)
  A pandemonium lord (Depths:5)
  5 curse toes
  8 golden dragons
  the Enchantress (Depths:5)
  A Tzitzimitl (D:5)
  7 electric golems
  A Brimstone Fiend (D:6)
  2 liches
  2 Ice Fiends
  A Hell Sentinel (Depths:5)
  Jorgrun (Orc:2)
  13 Orb Guardians
  19 tentacled monstrosities
  5 titans
  A deep elf blademaster (Elf:3)
  4 quicksilver dragons
  10 death cobs
  Gastronok (D:12)
  4 sphinxes
  3 Executioners
  7 thorn hunters
  10 tengu reavers
  The ghost of Qitur the Warrior, an adept DsBe of Trog (Snake:1)
  Donald (Swamp:4)
  8 shadow dragons
  2 draconian monks (Zot:4)
  9 frost giants
  14 storm dragons
  19 nagarajas
  20 fire giants
  8 draconian scorchers
  15 vault wardens
  4 deep elf sorcerers (Elf:3)
  A ghost moth (Zot:3)
  8 draconian knights
  A cacodemon (Depths:1)
  2 balrugs
  An orc warlord (Vaults:4)
  3 iron dragons
  A draconian stormcaller (Zot:1)
  A ghoul (Vaults:1)
  7 draconian annihilators
  4 deep elf elementalists
  Aizul (Snake:4)
  5 spriggan defenders (Depths:5)
  5 draconian shifters
  11 ironheart preservers
  6 war gargoyles
  2 entropy weavers (Vaults:4)
  34 very ugly things
  17 stone giants
  6 deep elf demonologists
  6 green draconians
  3 vampire knights
  7 spark wasps
  6 black draconians
  13 deep elf annihilators
  11 white draconians
  9 red draconians
  A lorocyproca (D:13)
  10 purple draconians
  13 yellow draconians
  A green death (Zot:1)
  5 deep elf death magi
  12 crystal guardians (Depths:3)
  14 ettins
  7 fire dragons
  8 deep elf high priests
  9 yaktaur captains
  A great orb of eyes (shapeshifter) (Depths:3)
  A monstrous demonspawn (Depths:4)
  6 rakshasas
  Fannar (Orc:1)
  6 great orbs of eyes
  27 naga warriors
  2 ghost crabs
  37 vault guards
  7 ice dragons
  25 hydras
  10 shambling mangroves
  3 death knights
  4 spriggan air magi
  10 anacondas
  9 centaur warriors
  2 two-headed ogres (shapeshifter)
  37 dancing weapons
  2 tengu warriors
  A queen ant (shapeshifter) (Vaults:5)
  63 two-headed ogres
  5 alligators
  8 deep troll earth magi
  A queen ant (Lair:2)
  5 orc high priests (Orc:2)
  6 deep troll shamans
  A death yak (shapeshifter) (Depths:3)
  20 ogre magi
  16 naga sharpshooters
  9 shock serpents
  3 spriggan berserkers
  A vampire mage (Depths:1)
  Nergalle (Lair:2)
  A soul eater (Zot:1)
  A sun demon (D:13)
  Sonja (Lair:4)
  17 deep elf knights
  An iron troll (Depths:1)
  A shadow wraith (Vaults:2)
  A fire crab (Lair:6)
  16 hell knights
  A fire crab (shapeshifter) (Depths:2)
  3 salamander mystics
  A spriggan druid (Swamp:4)
  2 sea snakes (Snake:1)
  An unseen horror (shapeshifter) (Vaults:3)
  A skeletal warrior (Vaults:4)
  A death drake (shapeshifter) (Vaults:5)
  29 deep trolls
  5 unseen horrors
  2 flayed ghosts (Vaults:3)
  2 gelid demonspawn (Depths:1)
  2 obsidian statues (Depths:3)
  8 swamp dragons (Swamp:4)
  A sea snake (shapeshifter) (Vaults:4)
  9 glowing orange brains
  12 deep elf archers
  11 naga ritualists
  7 wizards
  A glowing orange brain (shapeshifter) (Elf:2)
  11 ironbrand convokers
  A tengu zombie (Vaults:3)
  26 orc knights
  14 mana vipers
  5 phantasmal warriors
  7 necromancers
  A wolf spider (shapeshifter) (Depths:3)
  65 deep elf magi
  2 mana vipers (shapeshifter) (Depths:3)
  8 orc sorcerers
  A glowing shapeshifter (Vaults:5)
  2 oklob plants (Swamp:2)
  A faun (shapeshifter) (Elf:1)
  2 shining eyes (shapeshifter) (Depths:3)
  38 ugly things
  9 salamanders
  4 wolf spiders
  3 cyclopes
  A manticore (D:13)
  25 moths of wrath
  2 cyclopes (shapeshifter)
  A rust devil (Depths:1)
  3 centaur zombies
  2 ice statues (IceCv)
  A smoke demon (Depths:1)
  8 guardian serpents
  12 naga magi
  41 black mambas
  17 vault sentinels
  An eye of devastation (shapeshifter) (Vaults:2)
  33 spiny frogs
  4 gargoyles
  2 hellions
  2 efreet
  A human zombie (Vaults:3)
  7 freezing wraiths
  2 ice devils
  43 yaktaurs
  11 komodo dragons
  9 trolls
  3 yaktaur skeletons
  A queen bee (D:9)
  2 polar bears (Lair:5)
  4 red devils
  A wind drake (Depths:3)
  2 queen bees (shapeshifter)
  A tengu conjurer (Depths:2)
  30 slime creatures
  27 hornets
  A jumping spider (shapeshifter) (Vaults:5)
  2 tyrant leeches (shapeshifter) (Depths:3)
  Grinder (D:3)
  A slime creature (shapeshifter) (Depths:2)
  A blink frog (shapeshifter) (Depths:2)
  2 raiju (shapeshifter)
  15 tyrant leeches
  6 bog bodies
  A large abomination (Zot:4)
  A snapping turtle (shapeshifter) (Vaults:5)
  15 blink frogs
  9 spriggans
  12 hippogriffs
  A redback (Vaults:4)
  A shadow (Swamp:1)
  A frost giant simulacrum (Vaults:3)
  3 vampires (Vaults:2)
  43 yaks
  12 water elementals
  6 humans (D:14)
  6 air elementals
  8 wraiths
  A wyvern (Lair:6)
  2 basilisks (D:11)
  2 chaos spawn
  A neqoxec (Depths:4)
  3 hungry ghosts (D:13)
  4 fire elementals
  2 steam dragons
  18 vampire mosquitoes
  75 nagas
  14 wargs
  2 swamp worms (shapeshifter)
  10 insubstantial wisps
  17 soldier ants
  17 swamp worms
  3 acid dragons
  A floating eye (shapeshifter) (Depths:3)
  2 hell hounds (Depths:5)
  10 porcupines
  8 water moccasins
  2 eyes of draining
  62 orc warriors
  15 swamp drakes
  A hornet zombie (D:14)
  3 sky beasts
  11 ice beasts
  A black bear (D:12)
  38 ogres
  6 boggarts
  An ogre (shapeshifter) (Depths:3)
  2 phantoms
  11 wolves
  An eye of draining (shapeshifter) (D:14)
  20 centaurs
  7 crocodiles
  2 big kobolds
  30 bullfrogs
  7 earth elementals
  7 scorpions
  A hornet simulacrum (Vaults:1)
  34 killer bees
  3 electric eels
  14 wights
  8 howler monkeys
  7 crimson imps
  2 quasits (Depths:1)
  2 bullfrog zombies
  A yaktaur simulacrum (Vaults:1)
  2 human simulacra (Vaults:1)
  6 jellies
  8 hounds
  Crazy Yiuf (D:2)
  42 orc priests
  3 bullfrog skeletons
  An iron imp (Depths:1)
  Jessica (D:2)
  5 centaur skeletons
  7 iguanas
  20 orc wizards
  39 worker ants
  A hound skeleton (D:9)
  A howler monkey zombie (D:5)
  18 gnolls
  A worker ant zombie (D:7)
  15 adders
  3 shadow imps
  3 white imps
  An ufetubus (Depths:1)
  An ooze (D:5)
  An adder zombie (D:9)
  A dart slug (D:2)
  8 leopard geckos
  147 orcs
  A ball python (Snake:1)
  6 giant cockroaches
  13 goblins
  11 hobgoblins
  2 jackals (D:9)
  4 quokkas
  6 bats
  6 frilled lizards
  2 giant cockroach zombies (D:5)
  14 kobolds
  10 rats
  21 briar patches
  3 crawling corpses (Vaults:5)
  3 fungi
  5 plants
2520 creatures vanquished.

Vanquished Creatures (collateral kills)
  An orb of fire (Zot:5)
  the Lernaean hydra (Swamp:4)
  Nikola (Vaults:1)
  4 Orb Guardians (Zot:5)
  A hydra (Swamp:4)
  An orc knight (Orc:1)
9 creatures vanquished.

Vanquished Creatures (others)
  A deep elf master archer (Elf:3)
  A draconian scorcher (Zot:3)
  A draconian annihilator (Zot:2)
  2 stone giants
  A merfolk javelineer (Depths:1)
  2 yaktaur captains
  A spriggan air mage (Depths:3)
  2 naga sharpshooters
  A shadow wraith (Vaults:3)
  A naga ritualist (Snake:1)
  3 deep elf archers (Elf:1)
  2 cyclopes
  A moth of wrath (Zot:4)
  16 yaktaurs
  3 slime creatures
  A redback (Vaults:4)
  A human (D:14)
  A naga (Snake:4)
  A swamp worm (Swamp:4)
  7 orc warriors
  A centaur (D:15)
  A crimson imp (Depths:1)
  An orc wizard (Depths:1)
  11 ball lightnings (Depths:3)
  12 orcs
  5 briar patches
  2 bushes (D:11)
  13 fungi
  22 plants
117 creatures vanquished.

Grand Total: 2646 creatures vanquished

Notes
Turn   | Place    | Note
-------+----------+-------------------------------------------
     0 | D:1      | Marmelada the Minotaur Fighter began the quest for the Orb.
     0 | D:1      | Reached XP level 1. HP: 19/19 MP: 0/0
   255 | D:1      | Reached XP level 2. HP: 27/27 MP: 1/1
   287 | D:1      | Found a snail-covered altar of Cheibriados.
   452 | D:2      | Noticed Jessica
   673 | D:2      | Killed Jessica
   673 | D:2      | Reached XP level 3. HP: 31/33 MP: 2/2
   785 | D:2      | Reached XP level 4. HP: 35/40 MP: 3/3
   903 | D:2      | Found a glowing golden altar of the Shining One.
  1037 | D:2      | Found a runed translucent door.
  1038 | D:2      | Noticed Crazy Yiuf
  1044 | D:2      | Killed Crazy Yiuf
  1186 | D:3      | Reached XP level 5. HP: 47/47 MP: 4/4
  1329 | D:3      | Noticed Grinder
  1376 | D:3      | Reached skill level 5 in Axes
  1914 | D:4      | Reached skill level 5 in Fighting
  2037 | D:4      | Reached skill level 5 in Shields
  2096 | D:4      | Reached XP level 6. HP: 40/56 MP: 5/5
  2204 | D:4      | Found a blossoming altar of Fedhas.
  2544 | D:4      | Found Daraxt Kinen's Distillery.
  2552 | D:4      | Bought a potion of heal wounds for 70 gold pieces
  2552 | D:4      | Bought a potion of curing for 42 gold pieces
  2581 | D:4      | Found a shattered altar of Ashenzari.
  2938 | D:5      | Entered Level 5 of the Dungeon
  2953 | D:5      | Found a staircase to the Ecumenical Temple.
  2962 | Temple   | Entered the Ecumenical Temple
  3106 | Temple   | Became a worshipper of Warmaster Okawaru
  3486 | D:5      | Reached XP level 7. HP: 56/62 MP: 6/6
  3487 | D:5      | Reached * piety under Okawaru
  3596 | D:5      | Found Osuuh's Gadget Shoppe.
  4185 | D:6      | Reached XP level 8. HP: 71/71 MP: 7/7
  4304 | D:6      | Reached ** piety under Okawaru
  4311 | D:6      | Reached skill level 1 in Invocations
  5093 | D:7      | Noticed a hippogriff
  5100 | D:7      | Killed a hippogriff
  5100 | D:7      | Reached *** piety under Okawaru
  5100 | D:7      | Reached skill level 10 in Axes
  5100 | D:7      | Reached XP level 9. HP: 80/80 MP: 8/10
  5463 | D:7      | Found Cehaos's Jewellery Shoppe.
  6158 | D:8      | Noticed a two-headed ogre
  6178 | D:8      | Killed a two-headed ogre
  6178 | D:8      | Reached **** piety under Okawaru
  6497 | D:8      | Reached ***** piety under Okawaru
  6497 | D:8      | Reached XP level 10. HP: 85/91 MP: 12/12
  6607 | D:8      | Paralysed by a hornet for 2 turns
  6621 | D:8      | Paralysed by a hornet for 1 turns
  7109 | D:9      | Received a gift from Okawaru
  7146 | D:9      | Got a bloodstained cloak {god gift}
  7159 | D:9      | Identified the +1 cloak "Lealearu" {*Corrode +Blink +Fly
                  | Stlth+} (Okawaru gifted it to you on level 9 of the
                  | Dungeon)
  7212 | D:9      | Found a bloodstained altar of Trog.
  7217 | D:9      | Found a white marble altar of Elyvilon.
  7218 | D:9      | Found an opulent altar of Gozag.
  7846 | D:9      | Reached skill level 1 in Evocations
  7852 | D:9      | Reached skill level 10 in Fighting
  7975 | D:9      | Reached skill level 10 in Shields
  8133 | D:9      | Reached XP level 11. HP: 52/100 MP: 13/13
  8665 | D:9      | Found Sityed's Weapon Boutique.
  8825 | D:10     | Entered Level 10 of the Dungeon
  8973 | D:10     | Noticed Erolcha
  9306 | D:11     | Noticed a two-headed ogre
  9319 | D:10     | Killed an unseen horror
  9667 | D:11     | Found a staircase to the Lair.
  9671 | D:11     | Noticed a death knight
  9714 | D:11     | Killed a death knight
 10286 | D:11     | Killed a two-headed ogre
 10309 | D:11     | Found a roughly hewn altar of Beogh.
 10309 | D:11     | Found a staircase to the Orcish Mines.
 10339 | D:11     | Found Oceplin's Antique Weapon Shop.
 10603 | D:11     | Received a gift from Okawaru
 10697 | D:11     | Reached ****** piety under Okawaru
 10702 | D:11     | Reached skill level 15 in Axes
 10725 | D:11     | Reached XP level 12. HP: 85/110 MP: 14/14
 10796 | Lair:1   | Entered Level 1 of the Lair of Beasts
 10982 | Lair:1   | Noticed a six-headed hydra
 10990 | Lair:1   | Killed a five-headed hydra
 11586 | Lair:2   | Found a staircase to the Snake Pit.
 11688 | Lair:2   | Noticed Nergalle
 11701 | Lair:2   | Killed Nergalle
 11729 | Lair:2   | Noticed a six-headed hydra
 11747 | Lair:2   | Killed a one-headed hydra
 11747 | Lair:2   | Received a gift from Okawaru
 11968 | Lair:2   | Reached skill level 5 in Invocations
 12003 | Lair:2   | Noticed a queen ant
 12016 | Lair:2   | Killed a queen ant
 12876 | Lair:3   | Noticed a five-headed hydra
 12885 | Lair:3   | Killed a one-headed hydra
 12893 | Lair:3   | Noticed a six-headed hydra
 12905 | Lair:3   | Killed a three-headed hydra
 12905 | Lair:3   | Reached XP level 13. HP: 81/122 MP: 16/16
 13587 | Lair:4   | Noticed Sonja
 13591 | Lair:4   | Killed Sonja
 13793 | Lair:4   | You fall into a shaft and drop 1 floor!
 13854 | Lair:4   | Received a gift from Okawaru
 14189 | Lair:4   | Found a staircase to the Swamp.
 14637 | Lair:5   | You fall into a shaft and drop 1 floor!
 14637 | Lair:6   | Entered Level 6 of the Lair of Beasts
 14685 | Lair:6   | Found a runed translucent door.
 14685 | Lair:6   | Found a viscous altar of Jiyva.
 15196 | Lair:6   | Received a gift from Okawaru
 15793 | Lair:6   | Found a staircase to the Slime Pits.
 15998 | Lair:6   | Got a pair of ichor-stained boots
 16009 | Lair:6   | Identified the +2 pair of boots of Hysteria {*Contam +Inv
                  | Str+8 Dex-3} (You found it on level 6 of the Lair of
                  | Beasts)
 16037 | Lair:6   | Identified a scroll of acquirement
 16121 | Lair:5   | Reached XP level 14. HP: 133/133 MP: 19/19
 17108 | Orc:1    | Entered Level 1 of the Orcish Mines
 17108 | Orc:1    | Noticed Fannar
 17129 | Orc:1    | Killed Fannar
 17150 | Orc:1    | Found a frozen archway.
 17185 | IceCv    | Entered an ice cave
 17187 | IceCv    | Found a transporter.
 17191 | IceCv    | Reached skill level 15 in Fighting
 17230 | IceCv    | Reached skill level 15 in Shields
 17231 | IceCv    | Found a transporter.
 17413 | Orc:2    | Entered Level 2 of the Orcish Mines
 17418 | Orc:2    | Noticed Jorgrun
 17438 | Orc:2    | Killed Jorgrun
 17438 | Orc:2    | Reached skill level 10 in Invocations
 17483 | Orc:2    | Found a staircase to the Elven Halls.
 17542 | Orc:2    | Noticed a stone giant
 17550 | Orc:2    | Killed a stone giant
 18019 | Orc:2    | Received a gift from Okawaru
 19064 | Orc:2    | Found Qotuluh's Assorted Antiques.
 19067 | Orc:2    | Found Jiacw's Food Shoppe.
 19068 | Orc:2    | Found Ypliet's Magic Scroll Shoppe.
 19069 | Orc:2    | Found Hunkott's General Store.
 19072 | Orc:2    | Bought a scroll of teleportation for 42 gold pieces
 19072 | Orc:2    | Bought a scroll of teleportation for 42 gold pieces
 19257 | Orc:1    | Received a gift from Okawaru
 19324 | Orc:1    | Reached XP level 15. HP: 132/144 MP: 21/21
 19373 | Orc:1    | Found Faraff's Weapon Shop.
 19385 | Orc:1    | Found Birchiost's Food Shoppe.
 19385 | Orc:1    | Found Lijirr's Book Shop.
 19738 | D:12     | Found a flagged portal.
 19754 | Bailey   | Entered a bailey
 20106 | D:12     | Got a bloodstained fustibalus
 20107 | D:12     | Identified the +0 fustibalus "Leazuili" {velocity, Int+2
                  | Stlth+} (You acquired it on level 12 of the Dungeon)
 20199 | D:12     | Noticed Gastronok
 20212 | D:12     | Killed Gastronok
 20237 | D:12     | Found Jaxiwum's Antique Weapon Boutique.
 20492 | D:12     | Found Resus's Magic Scroll Shoppe.
 21728 | D:14     | Reached skill level 5 in Evocations
 22287 | D:14     | Found a gate to the Vaults.
 22679 | D:15     | Entered Level 15 of the Dungeon
 22712 | D:15     | Found Imyr's Food Emporium.
 22795 | D:15     | Received a gift from Okawaru
 22905 | D:15     | Found a staircase to the Depths.
 22905 | D:15     | Noticed a frost giant
 22915 | D:15     | Killed a frost giant
 23655 | Snake:1  | Entered Level 1 of the Snake Pit
 23768 | Snake:1  | Noticed a nagaraja
 23769 | Snake:1  | Noticed a nagaraja
 23807 | Snake:1  | Received a gift from Okawaru
 23860 | Snake:1  | Found a transporter.
 23909 | Snake:1  | Found a runed translucent gate.
 23909 | Snake:1  | Found a runed translucent gate.
 23909 | Snake:1  | Found a runed translucent gate.
 23910 | Snake:1  | Noticed Qitur's ghost (adept DsBe)
 23997 | Snake:1  | Reached XP level 16. HP: 155/155 MP: 22/22
 24463 | Snake:1  | Found a radiant altar of Vehumet.
 24485 | Snake:1  | Reached skill level 5 in Armour
 24701 | Snake:1  | Got a bloodstained war axe {god gift}
 24703 | Snake:1  | Identified the +8 war axe "Weuvuok" {chaos, rPois rF+
                  | Stlth+} (Okawaru gifted it to you on level 1 of the Snake
                  | Pit)
 24893 | D:7      | Bought a +5 ring of protection for 605 gold pieces
 25148 | Snake:1  | Received a gift from Okawaru
 25225 | Snake:1  | Found a transporter.
 25542 | Snake:1  | Received a gift from Okawaru
 25655 | Snake:1  | Killed Qitur's ghost
 26008 | Snake:2  | You fall into a shaft and drop 1 floor!
 26008 | Snake:3  | Found Qeuv's Assorted Antiques.
 26008 | Snake:3  | Found Uduuqon's Assorted Antiques.
 26008 | Snake:3  | Found Xaic's Gadget Shop.
 26009 | Snake:3  | Found Kuiroac's Antique Armour Boutique.
 26057 | Snake:3  | Bought a pair of glowing gloves for 172 gold pieces
 26202 | Snake:3  | Bought a brightly glowing plate armour for 784 gold pieces
 26203 | Snake:3  | Identified the +4 plate armour of Hepliaklqana's Regard
                  | {*Slow +Inv Str+6} (You bought it in a shop on level 3 of
                  | the Snake Pit)
 26246 | Snake:3  | Reached skill level 10 in Armour
 26394 | Snake:3  | Received a gift from Okawaru
 27313 | Snake:3  | Reached XP level 17. HP: 114/168 MP: 15/23
 27365 | Snake:3  | Received a gift from Okawaru
 27702 | Snake:3  | Bought a scroll of enchant weapon for 202 gold pieces
 27736 | Snake:4  | Entered Level 4 of the Snake Pit
 27792 | Snake:4  | Noticed Aizul
 27799 | Snake:4  | Killed Aizul
 27827 | Snake:4  | Received a gift from Okawaru
 28420 | Snake:4  | Reached skill level 15 in Armour
 28596 | Snake:4  | Received a gift from Okawaru
 29199 | Snake:4  | Reached XP level 18. HP: 159/183 MP: 21/24
 29285 | Snake:4  | Got a serpentine rune of Zot
 29644 | Elf:1    | Entered Level 1 of the Elven Halls
 29675 | Elf:1    | Received a gift from Okawaru
 30085 | Elf:1    | Found Sanidd's One-of-a-Kind Books.
 30252 | Elf:1    | Identified the Reference Book on Creation
 30870 | Elf:2    | Found Rilemucewk's Jewellery Shop.
 31170 | Elf:2    | Received a gift from Okawaru
 31228 | Elf:2    | Found a runed translucent gate.
 31228 | Elf:2    | Found a runed translucent gate.
 31229 | Elf:2    | Found a runed translucent gate.
 31734 | Elf:3    | Entered Level 3 of the Elven Halls
 32150 | Elf:3    | Reached XP level 19. HP: 177/192 MP: 25/25
 32445 | Elf:3    | Identified the cursed +2 scythe "Minotaur's Foe" {pain,
                  | rN+}
 32735 | Elf:3    | Identified the +9 flail "Saov" {crush, Int+4 Stlth+}
 32791 | Elf:3    | Identified the +4 scimitar of Repived {pain, Int+4 Dex+4
                  | SInv Stlth-}
 32811 | Elf:3    | Received a gift from Okawaru
 32811 | Elf:3    | Reached skill level 10 in Evocations
 32945 | Elf:3    | Noticed a Brimstone Fiend
 33485 | Elf:3    | Identified the +8 flail of Precise Incision {speed, rF+}
 33877 | Elf:3    | Identified the Reference Book on Battle Magic
 34157 | Swamp:1  | Entered Level 1 of the Swamp
 34205 | Swamp:1  | Received a gift from Okawaru
 34559 | Swamp:1  | Found a runed translucent door.
 34559 | Swamp:1  | Found a shimmering altar of Xom.
 34559 | Swamp:1  | Noticed Delarado's ghost (adept MiFi)
 35048 | Swamp:2  | Noticed Zatibaps's ghost (journeyman FeVM)
 35093 | Swamp:2  | Received a gift from Okawaru
 35221 | Swamp:2  | Found a runed translucent gate.
 35221 | Swamp:2  | Found a runed translucent gate.
 35221 | Swamp:2  | Found a runed translucent gate.
 36299 | Swamp:3  | Got a smoking large shield
 36311 | Swamp:3  | Identified the +8 large shield "Tiokhum" {Dex+2 Slay+3}
                  | (You acquired it on level 3 of the Swamp)
 36997 | Swamp:4  | Entered Level 4 of the Swamp
 37109 | Swamp:4  | Noticed Donald
 37125 | Swamp:4  | Killed Donald
 37177 | Swamp:4  | Reached XP level 20. HP: 176/204 MP: 27/27
 37683 | Swamp:4  | Noticed the 27-headed Lernaean hydra
 37697 | Swamp:4  | Killed the 27-headed Lernaean hydra
 37867 | Swamp:4  | Received a gift from Okawaru
 37870 | Swamp:4  | Got an iridescent executioner's axe {god gift}
 37871 | Swamp:4  | Identified the +4 executioner's axe "Mimiq" {chop, rC++}
                  | (Okawaru gifted it to you on level 4 of the Swamp)
 38684 | Swamp:4  | Got a decaying rune of Zot
 39099 | Vaults:1 | Entered Level 1 of the Vaults
 39529 | Vaults:1 | Noticed Nikola
 39545 | Vaults:1 | Killed Nikola
 40638 | Vaults:2 | You fall into a shaft and drop 1 floor!
 40679 | Vaults:3 | Received a gift from Okawaru
 40680 | Vaults:3 | Found the +10 large shield of Ignorance {rN+ Int-4}
 40819 | Vaults:3 | Reached XP level 21. HP: 198/214 MP: 29/29
 41694 | Vaults:2 | Found Immazus's Gadget Shoppe.
 42046 | Vaults:2 | Found a staircase to the Crypt.
 42550 | Vaults:2 | Found the +0 mask of the Dragon {MR+ Slay+3 SInv}
 42831 | Vaults:4 | Received a gift from Okawaru
 43276 | Vaults:4 | Reached XP level 22. HP: 216/224 MP: 31/31
 43366 | Vaults:4 | Received a gift from Okawaru
 43964 | Depths:1 | Entered Level 1 of the Depths
 44128 | Depths:1 | Found a gateway to a ziggurat.
 44395 | Depths:1 | Received a gift from Okawaru
 44455 | Depths:1 | Found a gateway to Hell.
 44623 | Depths:1 | Found a one-way gate leading to the halls of Pandemonium.
 45382 | Depths:2 | Received a gift from Okawaru
 45607 | Depths:2 | Reached XP level 23. HP: 235/235 MP: 32/32
 46027 | Depths:3 | Noticed Mennas
 46058 | Depths:3 | Killed Mennas
 46711 | Depths:3 | Received a gift from Okawaru
 46865 | Depths:3 | Identified the Papyrus of the Mutagenic Entourage
 46998 | Depths:3 | Got a steaming chain mail
 47000 | Depths:3 | Identified the +2 chain mail "Goqe" {Str+2} (You found it
                  | on level 3 of the Depths)
 47037 | Depths:3 | Got a fine copper ring
 47076 | Depths:3 | Identified the ring "Eskit" {rCorr Dex+3 Slay+3} (You found
                  | it on level 3 of the Depths)
 47080 | Depths:3 | Got a twisted plate armour {god gift}
 47081 | Depths:3 | Identified the +8 plate armour of the Shining Light {rF+
                  | Regen+ Int+4} (Okawaru gifted it to you on level 3 of the
                  | Depths)
 47267 | Depths:3 | Found the +5 demon whip "Spellbinder" {antimagic, MR+}
 47277 | Depths:3 | Got a transparent steel amulet
 47376 | Depths:3 | Identified the amulet of Laugafat {Inacc rC+ MR+ Dex+3
                  | SInv} (You found it on level 3 of the Depths)
 47688 | Depths:4 | Found a flickering gateway to a bazaar.
 47699 | Bazaar   | Entered a bazaar
 47712 | Bazaar   | Found Ponunwo's Distillery.
 47712 | Bazaar   | Found Efrus's Jewellery Shoppe.
 47718 | Bazaar   | Bought a potion of mutation for 72 gold pieces
 47748 | Bazaar   | Found Opimn's Food Emporium.
 47748 | Bazaar   | Found Wochidun's Magic Scroll Emporium.
 47766 | Bazaar   | Bought a scroll of blinking for 82 gold pieces
 47766 | Bazaar   | Bought a scroll of teleportation for 33 gold pieces
 47766 | Bazaar   | Bought a scroll of enchant armour for 82 gold pieces
 47766 | Bazaar   | Bought a scroll of teleportation for 33 gold pieces
 47766 | Bazaar   | Bought a scroll of teleportation for 33 gold pieces
 47766 | Bazaar   | Bought a scroll of magic mapping for 38 gold pieces
 47785 | Bazaar   | Bought a potion of might for 36 gold pieces
 47785 | Bazaar   | Bought a potion of resistance for 90 gold pieces
 47936 | Depths:4 | Gained mutation: You are weak. (Str -2) [a neqoxec]
 47992 | Depths:4 | Noticed a caustic shrike
 48057 | Depths:4 | Noticed a caustic shrike
 48094 | Depths:4 | Found a corrupted altar of Lugonu.
 48098 | Depths:4 | Found a one-way gate to the infinite horrors of the Abyss.
 48599 | Depths:4 | Received a gift from Okawaru
 48941 | Depths:5 | Entered Level 5 of the Depths
 48941 | Depths:5 | Noticed Margery
 48952 | Depths:4 | Killed Margery
 49045 | Depths:5 | Reached XP level 24. HP: 211/246 MP: 31/32
 49045 | Depths:5 | Noticed a juggernaut
 49061 | Depths:5 | Killed a juggernaut
 49520 | Depths:5 | Reached skill level 27 in Fighting
 50054 | Depths:5 | Received a gift from Okawaru
 50058 | Depths:5 | Noticed Xtahua
 50069 | Depths:5 | Noticed the Enchantress
 50072 | Depths:5 | Killed Xtahua
 50110 | Depths:5 | Found a gate to the Realm of Zot.
 50116 | Depths:5 | Killed the Enchantress
 50921 | Vaults:5 | Entered Level 5 of the Vaults
 50930 | Vaults:5 | Received a gift from Okawaru
 50948 | Vaults:5 | Identified the ring of the Black Skies {*Tele Int+2 Dex+3}
 50973 | Vaults:5 | Noticed an ancient lich
 50979 | Vaults:5 | Identified the +1 robe "Fokiej" {rF- rC+++ Regen+ rCorr}
 50980 | Vaults:5 | Noticed an ancient lich
 50982 | Vaults:5 | Reached XP level 25. HP: 245/256 MP: 31/32
 50986 | Vaults:5 | Killed an ancient lich
 50994 | Vaults:5 | Killed an ancient lich
 50994 | Vaults:5 | Received a gift from Okawaru
 52003 | Vaults:5 | Reached skill level 27 in Armour
 52008 | Vaults:5 | Received a gift from Okawaru
 52268 | Vaults:5 | Found the +2 ratskin cloak {+Rats rPois rN+ Str-1 Int-1
                  | Dex+1}
 52298 | Vaults:5 | Found Uruiphith's Book Boutique.
 52300 | Vaults:5 | Noticed an ancient lich
 52308 | Vaults:5 | Killed an ancient lich
 52308 | Vaults:5 | Reached skill level 1 in Dodging
 52320 | Vaults:5 | Bought a manual of Dodging for 1545 gold pieces
 52673 | Vaults:5 | Identified the cursed ring "Launep Demu" {rElec Int-3}
 52681 | Vaults:5 | Reached skill level 5 in Dodging
 52945 | Vaults:5 | Reached skill level 10 in Dodging
 52945 | Vaults:5 | Reached XP level 26. HP: 266/266 MP: 32/32
 53085 | Vaults:5 | Got a silver rune of Zot
 53552 | Zot:1    | Entered Level 1 of the Realm of Zot
 54415 | Zot:1    | Received a gift from Okawaru
 54418 | Zot:1    | Got a scorched large shield {god gift}
 54420 | Zot:1    | Identified the -3 large shield of Pesch {+Inv rPois Int-2
                  | SInv} (Okawaru gifted it to you on level 1 of the Realm of
                  | Zot)
 54548 | Zot:1    | Reached XP level 27. HP: 160/273 MP: 31/32
 55126 | Zot:2    | Reached skill level 15 in Dodging
 56965 | Zot:3    | Noticed an orb of fire
 56982 | Zot:3    | Killed an orb of fire
 56982 | Zot:3    | Received a gift from Okawaru
 56991 | Zot:3    | Got a scorched large shield {god gift}
 56992 | Zot:3    | Identified the +12 large shield "Xaiseang" {Regen+ rCorr
                  | Str-3} (Okawaru gifted it to you on level 3 of the Realm of
                  | Zot)
 59357 | Zot:5    | Entered Level 5 of the Realm of Zot
 59366 | Zot:5    | Received a gift from Okawaru
 59594 | Zot:5    | Reached skill level 15 in Evocations
 59913 | Zot:5    | Received a gift from Okawaru
 59916 | Zot:5    | Noticed an orb of fire
 59917 | Zot:5    | Got an ichor-stained large shield {god gift}
 59928 | Zot:5    | Killed an orb of fire
 60023 | Zot:5    | Got the Orb of Zot
 60027 | Zot:5    | Noticed an orb of fire
 60197 | Zot:1    | Identified the +0 large shield "Kubrel" {Dex+7} (Okawaru
                  | gifted it to you on level 5 of the Realm of Zot)
 60207 | Depths:5 | Noticed Imae the pandemonium lord
 60217 | Depths:5 | Killed Imae the pandemonium lord
 60474 | D:14     | Noticed a seraph
 60806 | D:3      | Killed Grinder
 60857 | D:$      | Escaped with the Orb!

Levels and vault maps discovered:
D:1:      beargit_arrival_greenhouse, layout_rooms, cheibriados_altar_1
D:2:      layout_rooms, tso_altar, uniq_crazy_yiuf_cottage, uniq_jessica
D:3:      layout_basic, first_ration, minmay_misc_feat_rows, uniq_grinder
D:4:      layout_gridville, evilmike_ruin_ashenzari, fedhas_altar_fruit_tree,
          serial_shops, shop_fountains, serial_bayou_pond_d
D:5:      layout_basic, minmay_temple_entry_junction_2, serial_shops, shop,
          mrwooster_statue_mirror, grunt_decor_one_mirror, grunt_ministairs_6
D:6:      layout_rooms, minmay_misc_feat_alley, st_stairs_6
D:7:      layout_cave_pools, serial_shops, shop
D:8:      layout_basic, hangedman_pestilent_swarm, grunt_ministairs_8,
          minmay_fire_ice_demons
D:9:      layout_basic, minitemple, serial_shops,
          nicolae_shop_temple_entry_statues_fountains, special_room
          [special_room_bee], kennysheep_cross_room, minmay_misc_feat_roman,
          hangedman_minor_gate_pass
D:10:     layout_loops_cross, uniq_josephine, uniq_erolcha
D:11:     layout_loops_ring, minmay_lair_entry_grove, david_orc_5, serial_shops,
          shop
D:12:     layout_irregular_city, enter_bailey_3, serial_shops, shop,
          nicolae_shop_overgrown_old_shop, uniq_gastronok
D:13:     layout_long_grid, minmay_fractal_squares_5
D:14:     layout_loops_corners, ximxim_vaults_locker_room,
          chequers_serial_rivers_small_a, small_statue_intersection,
          minmay_misc_feat_encased, kennysheep_generic_room_6
D:15:     grunt_enter_depths_snipers, layout_irregular_city, serial_shops,
          nicolae_shop_crystal, dk_noncrumbling_4, hex_medium
Temple:   regret_index_temple_sphere_string
Lair:1:   layout_loops_ring
Lair:2:   layout_regular_city, minmay_snake_entry_guardpost_small, zaba_anthell,
          infiniplex_staircase_pool, serial_bayou_shore_b, uniq_nergalle
Lair:3:   layout_long_grid, minmay_lair_oklob_chamber
Lair:4:   layout_gridlike, nicolae_swamp_entry_splash_gauntlet,
          lemuel_fruit_fields, uniq_sonja
Lair:5:   layout_layer_cave, cheibrodos_lair_lostbears, lemuel_fruit_fields,
          lemuel_fruit_tree, serial_bayou_shore_a, grunt_megastairs_1,
          serial_bayou_shore_b
Lair:6:   minmay_lair_end_frog_pond, layout_regular_city, slime_altar_2,
          lemuel_oklob_altar, lemuel_fruit_fields
Swamp:1:  layout_falls_marsh, ebering_ghost_xom, evilmike_swamp_ruin_wall,
          swamp_pool3
Swamp:2:  nicolae_swamp_phyte_club, layout_falls_marsh,
          ebering_ghost_rock_garden, nicolae_swamp_triple_paths
Swamp:3:  layout_basic_swamp, nicolae_swamp_very_dense_foliage
Swamp:4:  swamp_old_school, layout_basic_swamp, uniq_donald
Snake:1:  gammafunk_sealed_library, layout_layer_cave, gammafunk_ghost_split,
          minmay_snake_pond, serial_bayou_shore_b
Snake:2:  layout_onion, st_stairs_3, hangedman_snake_pattern
Snake:3:  hangedman_cross_stitches, layout_grid_shapes, minmay_shoptagon
Snake:4:  grunt_snake_rune_spirals, layout_onion, st_stairs_14, uniq_aizul
Orc:1:    layout_diamond_mine, portal_ice_cave_entry_pillars_2,
          guppyfry_orc_lava_fort, uniq_fannar
Orc:2:    st_orc_pillars, layout_diamond_mine, uniq_jorgrun
Elf:1:    layout_onion_city, minmay_elf_demonology, nicolae_rare_books,
          grunt_ministairs_1
Elf:2:    layout_geoelf_diagonals, serial_shops, nicolae_shop_behind_doors
Elf:3:    minmay_elf_hall_spiked, layout_geoelf_octagon, feat_on_display
Vaults:1: v_pattern_5, vaults_room_stairs_pillars, vaults_room_boxed, v_misc_18,
          hangedman_vaults_restitches, v_misc_5, ontoclasm_vaults_tryst,
          ontoclasm_vaults_chip, ontoclasm_vaults_gateway,
          layout_vaults_omnigrid, uniq_nikola
Vaults:2: vaults_room_large_hall, v_misc_11, v_misc_1, v_misc_16,
          vaults_room_semicircle, hangedman_vaults_stagger,
          minmay_crypt_entry_vampire_xt, nicolae_vaults_hallways_thing,
          vaults_dpeg_ring, v_alt_pattern_3, v_misc_23, layout_vaults_omnicross,
          serial_shops, nicolae_shop_window_shopping
Vaults:3: nicolae_vaults_border_crossing, nicolae_vaults_rhombus_7,
          ontoclasm_vaults_claustrophobia, v_misc_28,
          vaults_room_grunt_arrival_ludios, ontoclasm_vaults_eye,
          ontoclasm_vaults_ring_square, v_alt_pattern_1,
          nicolae_vaults_angled_halls, hangedman_vaults_maws,
          nicolae_vaults_alarming, vaults_room_semicircle, vaults_room_pools,
          layout_vaults_maze_bifur
Vaults:4: ontoclasm_vaults_ring_small, v_misc_10, grunt_vaults_swirl,
          vaults_dpeg_cross, nicolae_vaults_three_branches,
          vaults_mumra_minichess_inversion, hangedman_vaults_impose, v_rooms_4,
          vaults_room_door_ring, vaults_room_door_ring, vaults_room_pool,
          v_alt_pattern_6, nicolae_vaults_little_squares_5, layout_vaults_ring
Vaults:5
Depths:1: layout_gridlike, enter_ziggurat_a, glass_columns_b,
          grunt_pan_entry_zigzag, hangedman_coc_ice_floe, nooodl_orcs_dogs
Depths:2: minmay_the_grid_plus_closed [minmay_the_grid_dragon_a,
          minmay_the_grid_broken_lines, minmay_the_grid_slots,
          minmay_the_grid_tiny_cups, minmay_the_grid_prize_big_room],
          layout_twisted_cross, kennysheep_cross_bottleneck,
          pf_hell_entry_tar_spiral, minmay_tree_intersection, minmay_three_doors
Depths:3: radiant_caverns_b_rkd, pan_entry, hell_entry, uniq_mennas
Depths:4: evilmike_inaccessible_box, layout_gridlike, abyss_entry_flame_altar,
          serial_shops, bzr_entry_dummy, hell_entry,
          chequers_serial_rivers_room_a, rand_demon_pan_entry_9,
          roderic_lattice_a, serial_bayou_shore_b, infiniplex_staircase_pool_1
Depths:5: grunt_zot_entry_bicorn, layout_cave_shapes, hellmouth_1,
          minmay_misc_feat_chi, serial_bayou_shore_b, serial_bayou_shore_b,
          grunt_megastairs_5, serial_bayou_shore_b, uniq_enchantress,
          uniq_margery, uniq_xtahua
Zot:1:    layout_gridlike
Zot:2:    kennysheep_spiral_hall, layout_cathedral_of_symmetry
Zot:3:    kennysheep_room_grid, layout_twisted_circle
Zot:4:    layout_cathedral_of_symmetry, grunt_megastairs_3
Zot:5:    layout_basic, nicolae_zot_crop_circle

Skill      XL: |  1  2  3  4  5  6  7  8  9 10 11 12 13 14 15 16 17 18 19 20 21 22 23 24 25 26 27 |
---------------+----------------------------------------------------------------------------------+-----
Axes           | 3 4 5 6 8 10 11 13 15 16 18 19 22 | 22.0
Shields        | 4 5 6 7 8 10 11 13 14 16 17 18 19 20 21 22 23 24 25 | 25.0
Fighting       | 4 5 6 7 9 10 11 13 14 16 17 19 21 22 23 24 25 26 27 | 27.0
Invocations    | 2 4 6 9 10 11 | 11.0
Evocations     | 2 4 6 8 9 11 12 13 14 15 | 15.9
Armour         | 4 11 16 18 19 20 21 22 23 26 27 | 27.0
Dodging        | 10 14 20 | 20.9

Action                   |  1- 3 |  4- 6 |  7- 9 | 10-12 | 13-15 | 16-18 | 19-21 | 22-24 | 25-27 || total
-------------------------+-------+-------+-------+-------+-------+-------+-------+-------+-------++-------
Melee: War axe           |    59 |   203 |   322 |   918 |   531 |       |       |       |       ||  2033
       Headbutt          |     8 |    48 |    53 |   173 |   274 |   227 |   347 |   360 |   364 ||  1854
       Broad axe         |       |       |       |       |   566 |   947 |  1205 |  1151 |  1090 ||  4959
Throw: Javelin           |       |       |       |     1 |       |       |       |       |       ||     1
Invok: Heroism           |       |       |     1 |     9 |    16 |    16 |    25 |    23 |    24 ||   114
       Finesse           |       |       |       |       |     7 |     1 |       |     4 |     6 ||    18
 Abil: Evoke Blink       |       |       |       |     1 |       |       |       |       |       ||     1
       Evoke Invisibilit |       |       |       |       |       |       |       |     2 |     6 ||     8
Evoke: Wand              |       |       |     6 |     9 |     3 |    11 |     1 |     1 |     6 ||    37
       Phial of floods   |       |       |       |       |     1 |       |     1 |       |       ||     2
       Phantom mirror    |       |       |       |       |       |       |     1 |       |       ||     1
       Lamp of fire      |       |       |       |       |       |       |       |     1 |       ||     1
       Box of beasts     |       |       |       |       |       |       |       |       |     3 ||     3
  Use: Scroll            |       |     6 |       |     4 |    24 |    14 |    12 |    19 |     9 ||    88
       Potion            |       |       |     1 |     1 |     1 |     1 |     4 |     3 |    10 ||    21
 Stab: Paralysed         |       |       |    13 |       |       |    11 |       |       |       ||    24
       Distracted        |       |       |       |       |     1 |     1 |       |     1 |     1 ||     4
       Confused          |       |       |       |       |       |       |     1 |       |       ||     1
       Invisible         |       |       |       |       |       |       |       |     9 |    40 ||    49
  Eat: Chunk             |       |    14 |    14 |    15 |    26 |    11 |    21 |    12 |    16 ||   129
       Ration            |       |       |       |       |     3 |     4 |     5 |     4 |     6 ||    22
Armor: Scale mail        |    27 |    89 |    55 |       |       |       |       |       |       ||   171
       Plate armour      |       |       |    35 |       |       |       |       |    62 |       ||    97
       Crystal plate arm |       |       |    78 |   539 |   324 |       |   428 |   176 |       ||  1545
       Chain mail        |       |       |       |       |    10 |   203 |    11 |       |       ||   224
       Gold dragon scale |       |       |       |       |       |       |       |   147 |   362 ||   509
Dodge: Dodged            |    19 |    68 |    59 |    90 |    52 |   107 |   121 |   121 |   226 ||   863
Block: Shield            |    36 |   119 |   192 |   508 |   129 |       |       |       |       ||   984
       Large shield      |       |       |       |       |   689 |   992 |  1270 |  1183 |  1269 ||  5403
       Reflection        |       |       |       |       |    90 |   177 |   105 |    88 |    46 ||   506
       Other             |       |       |       |       |     2 |       |       |       |       ||     2
